 Dungeon Crawl Stone Soup version 0.26.0-8-g74fc34ddfb (webtiles) character file.

Game seed: 15931173618159918809

108090 DocSulfur the Severer (level 16, -2/148 HPs)
             Began as a Deep Dwarf Hunter on Jan 12, 2021.
             Was the Champion of Makhleb.
             Slain by an orc warrior
             ... wielding a +0 glaive
             ... led by an orc warlord
              (19 damage)
             ... on level 2 of the Orcish Mines.
             The game lasted 01:53:17 (24551 turns).

DocSulfur the Severer (Deep Dwarf Hunter)          Turns: 24551, Time: 01:53:17

Health: -2/148     AC: 21    Str: 33    XL:     16   Next: 1%
Magic:  11/11      EV: 12    Int: 15    God:    Makhleb [******]
Gold:   2276       SH:  6    Dex: 10    Spells: 19/22 levels left

rFire    + . .     SeeInvis .   P - +1 broad axe (flame)
rCold    + . .     Faith    .   K - +0 buckler
rNeg     + . .     Spirit   .   y - +7 chain mail of Vysigapt {rF+ Int+4 Dex-4 Slay+2}
rPois    .         Reflect  .   h - +0 helmet of Egobren {rElec rC+ Str+4 Stlth-}
rElec    +         Harm     .   c - +0 cloak
rCorr    .         Rampage  .   (no gloves)
Will     ++...                  C - +0 pair of boots
Stlth    ..........             u - amulet of the acrobat
HPRegen  0.00/turn              o - +6 ring of strength
MPRegen  0.12/turn              T - +4 ring of slaying

@: non-regenerating, studying Shields
A: damage resistance, heal wounds, negative energy resistance 1, sense
surroundings 2, no regeneration
a: Heal Wounds, Renounce Religion, Minor Destruction, Lesser Servant of Makhleb,
Major Destruction, Greater Servant of Makhleb


You were on level 2 of the Orcish Mines.
You worshipped Makhleb.
Makhleb was exalted by your worship.
You visited 4 branches of the dungeon, and saw 24 of its levels.
You also visited: Volcano.

You collected 2472 gold pieces.
You spent 196 gold pieces at shops.

Inventory:

Hand Weapons
 a - a +1 hand crossbow
 i - a +4 vorpal war axe
 P - a +1 broad axe of flaming (weapon)
Missiles
 d - 215 bolts
 f - 89 poisoned darts (quivered)
 A - 6 throwing nets
 B - 5 curare-tipped darts
Armour
 c - a +0 cloak (worn)
 h - the +0 helmet of Egobren (worn) {rElec rC+ Str+4 Stlth-}
   (You found it on level 8 of the Dungeon)

   It affects your strength (+4).
   It protects you from cold.
   It insulates you from electricity.
   It makes you less stealthy.
 y - the +7 chain mail of Vysigapt (worn) {rF+ Int+4 Dex-4 Slay+2}
   (You found it on level 10 of the Dungeon)

   It affects your intelligence (+4).
   It affects your dexterity (-4).
   It affects your accuracy and damage with ranged weapons and melee attacks
   (+2).
   It protects you from fire.
 C - a +0 pair of boots (worn)
 K - a +0 buckler (worn)
 X - a scarf of shadows
Jewellery
 o - a +6 ring of strength (left hand)
 u - an amulet of the acrobat (around neck)
 H - an uncursed ring of poison resistance
 T - a +4 ring of slaying (right hand)
Wands
 l - a wand of digging (9)
 n - a wand of paralysis (7)
 q - a wand of flame (19)
 F - a wand of polymorph (7)
 O - a wand of acid (23)
 U - a wand of iceblast (15)
 V - a wand of disintegration (8)
Scrolls
 k - 2 scrolls of identify
 r - a scroll of silence {unknown}
 s - 3 scrolls of enchant weapon
 x - a scroll of summoning
 I - 2 scrolls of magic mapping
 J - a scroll of enchant armour
 L - 11 scrolls of remove curse
 M - 3 scrolls of teleportation
 Q - 3 scrolls of blinking
 S - a scroll of fog
Potions
 e - 3 potions of ambrosia
 g - 8 potions of curing
 m - 8 potions of attraction
 p - a potion of resistance
 t - 4 potions of lignification
 v - 2 potions of invisibility
 w - 2 potions of cancellation
 z - 2 potions of mutation
 D - 3 potions of brilliance
 E - 2 potions of might
 N - 2 potions of haste
Books
 b - a manual of Shields
Miscellaneous
 j - a tin of tremorstones (2/2)
 G - a phantom mirror (inert)


   Skills:
 + Level 10.8 Fighting
 * Level 17.6 Axes
 - Level 0.5(11.0) Maces & Flails
 - Level 10.0 Crossbows
 + Level 4.2 Throwing
 + Level 7.5 Armour
 + Level 6.9 Dodging
 - Level 1.2 Stealth
 + Level 8.8 Shields
 - Level 3.6 Spellcasting
 - Level 3.2 Hexes
 - Level 4.7 Translocations
 + Level 14.9 Invocations
 - Level 8.0 Evocations


You had 19 spell levels left.
You knew the following spells:

 Your Spells              Type           Power        Failure   Level
a - Blink                 Tloc           N/A          16%         2
b - Corona                Hex            13%          19%         1

Your spell library contained the following spells:

 Spells                   Type           Power        Failure   Level
 Apportation              Tloc           32%          11%         1
 Slow                     Hex            12%          28%         2
 Animate Skeleton         Necr           4%           58%         1
 Magic Dart               Conj           8%           58%         1
 Pain                     Necr           8%           58%         1
 Summon Small Mammal      Summ           8%           58%         1
 Call Imp                 Summ           2%           73%         2
 Conjure Flame            Conj/Fire      2%           91%         3
 Mephitic Cloud           Conj/Pois/Air  2%           91%         3
 Vampiric Draining        Necr           1%           91%         3
 Animate Dead             Necr           1%           100%        4
 Agony                    Necr           2%           100%        5


Dungeon Overview and Level Annotations

Branches:
Dungeon (15/15)            Temple (1/1) D:7            Lair (6/6) D:11
 Shoals (0/4) Lair:3        Snake (0/4) Lair:2        Slime (0/5) Lair:5
    Orc (2/2) D:11            Elf (0/3) Orc:2        Vaults (0/5) D:13
 Depths (0/5) D:15        Volcano (visited)

Altars:
Ashenzari
Cheibriados
Dithmenos
Elyvilon
Fedhas
Gozag
Hepliaklqana
Kikubaaqudgha
Makhleb
Nemelex Xobeh
Okawaru
Qazlal
Ru
Sif Muna
Trog
Uskayaw
Vehumet
Wu Jian
Xom
Yredelemnul
Zin
The Shining One
Beogh
Jiyva

Shops:
D:4 *:}(   D:14 *:   Orc:2 (**

Annotations:
D:4 3 runed translucent doors, Almogavar's ghost, amateur MiBe; Froggeryz's ghost, amateur DEFE
D:7 Prince Ribbit
Lair:2 2 transporters, Elebi's ghost, journeyman DrTm
Lair:3 1 runed translucent door, Deed's ghost, journeyman MiFi


Innate Abilities, Weirdness & Mutations

You are resistant to damage.
You can heal yourself by infusing magical energy.
You resist negative energy. (rN+)
You passively map the area around you.
You do not regenerate.


Message History

Aim: an orc warrior, wielding a +0 glaive and wearing a +0 plate armour (strong, 26% to evade)
The bolt of acid misses the orc knight.
The bolt of acid hits the orc warrior!
The orc warrior is splashed with acid.
The acid corrodes the orc warrior!
The orc warrior is almost dead.
The orc warrior no longer looks unusually strong.
The orc knight roars a battlecry!
The orc warrior goes into a battle-frenzy!
The orc knight completely misses you. The orc warrior completely misses you.
You slash the orc knight! You burn the orc knight.
The orc knight is heavily wounded.
You slash the orc knight! You burn the orc knight.
The orc knight is severely wounded.
You recover from your berserk rage.
The orc warrior completely misses you. The orc warrior barely misses you.
You closely miss the orc knight.
The orc knight is severely wounded.
The orc knight hits you with a +2 bardiche!!
* * * LOW HITPOINT WARNING * * *
The orc warrior hits you from afar with a +0 glaive!!
You die...

##.#.......##..o.#.#.#.#.
#.........###..........).
##.#.......#...........).
###.......##............
#.......).#(o..........
##.#.##...o............
#####..o....#........[
#.oOo..............
##@##......###.....
##.##........###....
##...........#####...
##......##.....#.##...
#.......##.#...#......
##......#.###.....<#...
##.##........#...#.###.#
#....#...........#.# ###
##.###..........#.## ##.


You could see 2 orc knights, 2 orc warriors, an ogre and an orc (strong).

Vanquished Creatures
  2 orc warlords (Orc:2)
  Snorg (Orc:2)
  A fire dragon (Lair:6)
  Harold (D:7)
  3 boulder beetles
  9 hydras
  A catoblepas (Lair:6)
  13 two-headed ogres
  A centaur warrior (D:14)
  3 ogre magi
  A hell knight (Volcano)
  A skeletal warrior (D:13)
  A salamander mystic (Volcano)
  A wizard (D:15)
  3 unseen horrors
  Pikel (D:4)
  2 orc knights (Orc:2)
  3 deep elf magi
  3 lindwurms (Lair:6)
  A cyclops (shapeshifter) (D:15)
  12 ugly things
  3 orc sorcerers
  4 cyclopes
  6 salamanders
  A manticore (Lair:3)
  5 elephants
  9 black mambas
  2 gargoyles (D:14)
  A rust devil (Orc:2)
  3 molten gargoyles (Lair:6)
  12 cane toads
  3 kobold demonologists
  4 yaktaurs (D:13)
  7 rime drakes
  Maggie (D:7)
  21 komodo dragons
  A redback zombie (D:14)
  11 trolls
  3 hellwings (Orc:2)
  A polar bear (Lair:4)
  A merfolk (D:15)
  6 meliai
  2 meliai zombies (D:12)
  15 blink frogs
  A wind drake (Lair:3)
  29 slime creatures
  5 wraiths
  A shadow (D:12)
  A vampire (D:14)
  Grum (D:7)
  7 wyverns
  10 basilisks
  53 yaks
  6 fire bats (Volcano)
  2 steam dragons (Lair:6)
  Menkaure (D:5)
  4 wargs
  3 acid dragons
  A soldier ant (D:14)
  13 water moccasins
  4 hell hounds (Lair:6)
  A hornet zombie (D:10)
  35 orc warriors
  2 ice beasts
  A black bear (Lair:3)
  An eye of draining (D:15)
  8 phantoms
  3 sky beasts
  A boggart (D:13)
  15 centaurs
  2 necrophages
  8 wolves
  11 ogres
  3 lemures (D:4)
  8 big kobolds
  19 bullfrogs
  A wyvern zombie (D:11)
  3 scorpions
  A water moccasin skeleton (D:9)
  2 killer bees (D:10)
  18 wights
  6 howler monkeys
  An electric eel (D:7)
  2 bullfrog zombies
  11 lava snakes
  A quasit (D:7)
  7 centaur zombies
  2 jellies
  30 orc wizards
  13 centaur skeletons
  4 hounds
  32 orc priests
  2 bullfrog skeletons
  Jessica (D:2)
  5 iguanas
  16 worker ants
  A hound skeleton (D:7)
  11 adders
  14 gnolls
  A shadow imp (D:8)
  A white imp (D:5)
  An ufetubus (D:8)
  An adder skeleton (D:6)
  An adder zombie (D:9)
  9 leopard geckos
  112 orcs
  5 giant cockroaches
  5 hobgoblins
  10 jackals
  3 quokkas
  A ball python (D:1)
  6 bats
  6 frilled lizards
  16 goblins
  2 jackal zombies
  35 kobolds
  A leopard gecko skeleton (D:6)
  A leopard gecko zombie (D:8)
  A quokka skeleton (D:6)
  6 rats
854 creatures vanquished.

Vanquished Creatures (collateral kills)
  4 orcs
4 creatures vanquished.

Vanquished Creatures (others)
  An orc warrior (D:11)
  A killer bee (D:10)
  An orc wizard (D:13)
  37 fungi
  71 plants
  6 withered plants (D:4)
117 creatures vanquished.

Grand Total: 975 creatures vanquished

Notes
Turn   | Place    | Note
-------+----------+-------------------------------------------
     0 | D:1      | DocSulfur the Deep Dwarf Hunter began the quest for the
                  | Orb.
     0 | D:1      | Reached XP level 1. HP: 19/19 MP: 1/1
   282 | D:1      | Reached XP level 2. HP: 26/26 MP: 2/2
   887 | D:2      | Noticed Jessica
   896 | D:2      | Killed Jessica
   897 | D:2      | Reached skill level 5 in Crossbows
   897 | D:2      | Reached XP level 3. HP: 30/33 MP: 3/3
   974 | D:2      | Found a shadowy altar of Dithmenos.
  1105 | D:2      | Reached XP level 4. HP: 34/42 MP: 4/4
  1186 | D:2      | Learned a level 2 spell: Blink
  1785 | D:3      | Learned a level 1 spell: Corona
  1990 | D:3      | Reached skill level 1 in Translocations
  2060 | D:3      | Noticed a necrophage
  2147 | D:3      | Reached XP level 5. HP: 49/49 MP: 5/5
  2409 | D:3      | Reached skill level 1 in Spellcasting
  2856 | D:4      | Reached XP level 6. HP: 39/57 MP: 7/7
  2909 | D:4      | Found Dore's Assorted Antiques.
  2913 | D:4      | Found Bigrowarph's Gadget Shop.
  2914 | D:4      | Found Potic's Book Shop.
  2915 | D:4      | Found Kuipt's Antique Weapon Shop.
  2959 | D:4      | Noticed Pikel
  3009 | D:5      | Entered Level 5 of the Dungeon
  3335 | D:4      | Found a runed translucent gate.
  3335 | D:4      | Found a runed translucent gate.
  3340 | D:4      | Noticed Froggeryz's ghost (amateur DEFE)
  3340 | D:4      | Noticed Almogavar's ghost (amateur MiBe)
  3341 | D:4      | Found a runed translucent gate.
  3686 | D:4      | Reached skill level 1 in Hexes
  3686 | D:4      | Reached XP level 7. HP: 62/66 MP: 7/7
  3828 | D:4      | Killed Pikel
  3829 | D:4      | Reached skill level 5 in Fighting
  3829 | D:4      | Reached XP level 8. HP: 31/74 MP: 7/9
  4175 | D:4      | Got a shimmering spear
  4175 | D:4      | Identified the +7 spear of Eviofrap {vorpal, +Rage rN+
                  | Dex-5} (You found it on level 4 of the Dungeon)
  4366 | D:5      | Noticed Menkaure
  4370 | D:5      | Killed Menkaure
  4776 | D:5      | Reached skill level 1 in Axes
  5410 | D:6      | Reached skill level 2 in Axes
  5698 | D:6      | Gained mutation: You passively map the area around you.
                  | [Deep Dwarf growth]
  5698 | D:6      | Reached XP level 9. HP: 62/85 MP: 9/9
  6180 | D:7      | Found a staircase to the Ecumenical Temple.
  6194 | Temple   | Entered the Ecumenical Temple
  6265 | D:7      | Found a hide-covered altar of Uskayaw.
  6273 | D:7      | Noticed a +0 hand axe
  6273 | D:7      | Noticed a +0 hand axe
  6317 | D:7      | Noticed Harold
  6328 | D:7      | Reached skill level 1 in Evocations
  6395 | D:7      | Reached skill level 3 in Axes
  6411 | D:7      | Found a bloodstained altar of Trog.
  6662 | D:7      | Noticed Maggie
  6683 | D:7      | Killed Maggie
  7115 | D:7      | Killed Harold
  7116 | D:7      | Reached skill level 4 in Axes
  7116 | D:7      | Reached skill level 10 in Crossbows
  7243 | D:7      | Noticed Prince Ribbit
  7588 | D:8      | Reached XP level 10. HP: 82/96 MP: 7/7
  7867 | D:8      | Noticed Grum
  7870 | D:8      | Got a dazzling helmet
  7879 | D:8      | Found a stormy altar of Qazlal.
  7908 | D:7      | Identified the cursed +0 helmet of Egobren {rElec rC+ Str+4
                  | Stlth-} (You found it on level 8 of the Dungeon)
  7960 | D:7      | Killed Grum
  8592 | D:9      | Found a white marble altar of Elyvilon.
  8595 | D:9      | Found a bloodstained altar of Trog.
  8598 | D:9      | Found an ornate altar of the Wu Jian Council.
  8601 | D:9      | Found a sacrificial altar of Ru.
  8645 | D:9      | Found a burning altar of Makhleb.
  8645 | D:9      | Found a basalt altar of Yredelemnul.
  8649 | D:9      | Became a worshipper of Makhleb the Destroyer
  8725 | D:9      | Reached skill level 5 in Evocations
  8727 | D:9      | Reached skill level 5 in Axes
  9024 | D:9      | Reached skill level 1 in Invocations
  9169 | D:10     | Entered Level 10 of the Dungeon
  9219 | D:10     | Noticed an unseen horror
  9241 | D:10     | Killed an unseen horror
  9499 | D:10     | Got a fading chain mail
  9509 | D:10     | Identified the +7 chain mail of Vysigapt {rF+ Int+4 Dex-4
                  | Slay+2} (You found it on level 10 of the Dungeon)
  9648 | D:10     | Reached * piety under Makhleb
  9687 | D:10     | Found an iron altar of Okawaru.
 10006 | D:11     | Noticed a boulder beetle
 10021 | D:11     | Noticed a two-headed ogre
 10033 | D:11     | Killed a two-headed ogre
 10034 | D:11     | Reached skill level 6 in Axes
 10034 | D:11     | Reached XP level 11. HP: 54/106 MP: 6/6
 10039 | D:11     | Found a staircase to the Orcish Mines.
 10042 | D:11     | Killed a boulder beetle
 10096 | D:11     | Noticed a two-headed ogre
 10183 | D:11     | Found a staircase to the Lair.
 10320 | D:11     | Noticed a sun demon
 10510 | D:11     | Killed a two-headed ogre
 10708 | D:11     | Reached skill level 10 in Fighting
 10762 | D:11     | Reached skill level 5 in Invocations
 10807 | D:11     | Reached ** piety under Makhleb
 10825 | D:11     | Noticed a boulder beetle
 10841 | D:11     | Killed a boulder beetle
 10842 | D:11     | Reached skill level 7 in Axes
 11499 | D:4      | Bought a runed broad axe for 196 gold pieces
 11730 | D:12     | Reached skill level 8 in Axes
 11780 | D:12     | Noticed a cyan ugly thing
 11791 | D:12     | Killed a cyan ugly thing
 11824 | D:12     | Reached *** piety under Makhleb
 11938 | D:12     | Reached skill level 9 in Axes
 11938 | D:12     | Reached XP level 12. HP: 90/116 MP: 4/4
 11952 | D:12     | HP: 5/116 [large slime creature (35)]
 12350 | D:12     | Reached skill level 10 in Invocations
 12384 | D:12     | Reached skill level 10 in Axes
 12784 | Lair:1   | Entered Level 1 of the Lair of Beasts
 12790 | Lair:1   | Noticed a four-headed hydra
 12806 | D:11     | Killed a five-headed hydra
 12807 | D:11     | Reached skill level 1 in Armour
 12920 | Lair:1   | Reached **** piety under Makhleb
 13175 | Lair:1   | Reached skill level 11 in Axes
 13860 | Lair:2   | Reached skill level 5 in Armour
 14033 | Lair:2   | Reached XP level 13. HP: 61/123 MP: 6/6
 14110 | Lair:2   | Found a staircase to the Snake Pit.
 14183 | Lair:2   | Noticed Elebi's ghost (journeyman DrTm)
 14220 | Lair:2   | Found a transporter.
 14223 | Lair:2   | Found a transporter.
 14522 | Lair:3   | Reached skill level 1 in Shields
 14532 | Lair:3   | Identified a scroll of acquirement
 14535 | Lair:3   | Acquired a manual of Shields
 14629 | Lair:3   | Found a dark tunnel.
 14638 | Volcano  | Entered a volcano
 14768 | Volcano  | Reached skill level 12 in Axes
 14780 | Volcano  | Found a radiant altar of Vehumet.
 14834 | Volcano  | Found a burning altar of Makhleb.
 14883 | Volcano  | Got a smoking kite shield
 14917 | Volcano  | Identified the +7 kite shield of Bisu {Str+4 Slay-6} (You
                  | found it in a volcano)
 15104 | Lair:3   | Found a staircase to the Shoals.
 15193 | Lair:3   | Found a shimmering blue altar of Sif Muna.
 15232 | Lair:3   | Reached skill level 13 in Axes
 15688 | Lair:3   | Found a runed translucent door.
 15691 | Lair:3   | Noticed Deed's ghost (journeyman MiFi)
 15691 | Lair:3   | Identified the +5 spear "Sunyusm" {freeze, rC+}
 16829 | Lair:5   | Reached skill level 14 in Axes
 16897 | Lair:4   | Reached ***** piety under Makhleb
 17185 | Lair:5   | Found a staircase to the Slime Pits.
 17187 | Lair:5   | Found a viscous altar of Jiyva.
 17227 | Lair:5   | Gained mutation: You resist negative energy. (rN+) [Deep
                  | Dwarf growth]
 17227 | Lair:5   | Reached XP level 14. HP: 131/132 MP: 8/8
 17324 | Lair:5   | Reached skill level 15 in Axes
 17912 | Lair:6   | Entered Level 6 of the Lair of Beasts
 19064 | Lair:6   | Found a large runed translucent door.
 19200 | Lair:6   | Reached skill level 16 in Axes
 19340 | Lair:6   | Reached ****** piety under Makhleb
 19341 | Lair:6   | Found a large runed translucent door.
 20123 | D:13     | Reached skill level 1 in Throwing
 20252 | D:13     | Found a gate to the Vaults.
 20376 | D:13     | Reached skill level 5 in Shields
 20499 | D:13     | Reached skill level 5 in Dodging
 21107 | D:13     | Reached XP level 15. HP: 100/138 MP: 10/10
 21214 | D:14     | Found Qurphuowk's Book Emporium.
 21244 | D:14     | Found Yhezinew's General Store.
 21789 | D:15     | Entered Level 15 of the Dungeon
 21932 | D:15     | Reached skill level 17 in Axes
 22104 | D:15     | Found a staircase to the Depths.
 23140 | Orc:1    | Entered Level 1 of the Orcish Mines
 23465 | Orc:2    | Entered Level 2 of the Orcish Mines
 23644 | Orc:2    | Found Yzanony's Antique Weapon Shop.
 24131 | Orc:2    | Found a staircase to the Elven Halls.
 24153 | Orc:2    | Found a roughly hewn altar of Beogh.
 24321 | Orc:2    | Noticed Snorg
 24331 | Orc:2    | Killed Snorg
 24350 | Orc:2    | Found Asif's General Store.
 24359 | Orc:2    | Found Qaneutyh's General Store.
 24484 | Orc:2    | Noticed an orc warlord
 24495 | Orc:2    | Noticed an orc warlord
 24509 | Orc:2    | Killed an orc warlord
 24545 | Orc:2    | Killed an orc warlord
 24546 | Orc:2    | Reached XP level 16. HP: 43/148 MP: 11/11
 24551 | Orc:2    | Slain by an orc warrior

Illustrated notes

Levels and vault maps discovered:
D:1:      minmay_arrival_nine_rooms, layout_loops_ring
D:2:      layout_loops_ring, old_standard_altar, uniq_jessica
D:3:      layout_loops_corners
D:4:      layout_loops_corners, gammafunk_ghost_cemetery,
          minmay_shop_grid_forest, uniq_pikel
D:5:      layout_gridville, uniq_menkaure
D:6:      layout_basic
D:7:      layout_cave_pods, dancing_weapons_uskayaw,
          minmay_temple_entry_statues_fountains, serial_bayou_lagoon_a,
          trog_hazing_becter, uniq_maggie, uniq_harold, uniq_prince_ribbit1
D:8:      layout_loops_ring, nicolae_qazlal_eye_of_the_storm, uniq_grum
D:9:      layout_big_octagon, grunt_temple_overflow_cloverleaf,
          gammafunk_temple_overflow_wave
D:10:     layout_roguey, david_defended_altar_elf
D:11:     layout_roguey, david_lair_generic, orc_0_dummy,
          kennysheep_generic_room_10
D:12:     layout_loops_ring
D:13:     layout_loops_ring, hangedman_vaults_entry_quadrant_bands
D:14:     layout_roguey, moated_statue, serial_shops, shop, kennysheep_mini
D:15:     hangedman_depths_entry_try_elsewhere_first, layout_loops_corners,
          serial_park_paths [serial_park_minivault_5x5_3], grunt_ministairs_4
Temple:   nicolae_temple_god_jail
Lair:1:   layout_regular_city, grunt_megastairs_5
Lair:2:   layout_roguey, dummy_snake_entry, gammafunk_ghost_hive
Lair:3:   layout_layer_cave, minmay_shoals_entry_beasts, basic_altar,
          enter_volcano_1, ebering_ghost_funeral_grove, lemuel_fruit_tree
Lair:4:   layout_regular_city
Lair:5:   layout_small_grid, slime_altar_1
Lair:6:   cheibrodos_lair_end_hotspot, layout_regular_city,
          eino_small_chamber_without_monster
Orc:1:    layout_diamond_mine
Orc:2:    pf_orc_diabolical, layout_diamond_mine, serial_shops,
          nicolae_shop_temple_entry_statues_fountains, basic_altar,
          minmay_orc_treasury, uniq_snorg

Skill      XL: |  1  2  3  4  5  6  7  8  9 10 11 12 13 14 15 |
---------------+----------------------------------------------+-----
Fighting       | 2 3 4 5 6 7 9 10 | 10.8
Crossbows      | 5 6 7 8 10 | 10.0
Translocations | 1 2 3 4 |  4.7
Spellcasting   | 1 2 3 |  3.6
Hexes          | 1 2 3 |  3.2
Axes           | 2 4 6 9 11 14 16 17 | 17.6
Evocations     | 3 6 8 |  8.0
Invocations    | 3 8 11 12 14 | 14.9
Armour         | 5 7 |  7.5
Dodging        | 4 5 6 |  6.9
Shields        | 4 5 8 |  8.8
Throwing       | 1 4 |  4.2
Maces & Flails | |  0.5
Stealth        | |  1.2

Action                   |  1- 3 |  4- 6 |  7- 9 | 10-12 | 13-15 | 16-18 || total
-------------------------+-------+-------+-------+-------+-------+-------++-------
Melee: Whip              |       |   144 |   312 |   642 |       |       ||  1098
       Flail             |       |    13 |       |       |       |       ||    13
       War axe           |       |       |       |   400 |   396 |       ||   796
       Broad axe         |       |       |       |    14 |   859 |     3 ||   876
 Fire: Hand crossbow     |    54 |    73 |    94 |    46 |    86 |       ||   353
Throw: Dart              |       |     4 |    10 |       |    21 |       ||    35
 Cast: Corona            |       |       |       |     3 |       |       ||     3
Invok: Lesser Servant of |       |       |       |     1 |       |       ||     1
 Abil: Heal Wounds       |       |     7 |    12 |    39 |     6 |       ||    64
Evoke: Wand              |       |       |     1 |    26 |    10 |     1 ||    38
       Phantom mirror    |       |       |       |       |     1 |       ||     1
  Use: Scroll            |       |     3 |    12 |    12 |    13 |       ||    40
       Potion            |       |     2 |     1 |     1 |     3 |       ||     7
 Stab: Paralysed         |       |       |       |    14 |     3 |       ||    17
Armor: Leather armour    |     1 |       |       |       |       |       ||     1
       Robe              |     2 |    12 |       |       |       |       ||    14
       Chain mail        |       |    66 |   175 |   596 |   497 |       ||  1334
       Skin              |       |       |       |     3 |       |       ||     3
Dodge: Dodged            |     9 |    95 |   196 |   619 |   623 |     4 ||  1546
Block: Buckler           |       |       |       |       |   255 |       ||   255
